 Dungeon Sprint DCSS version 0.27-a0-538-g15ff5c5295 (webtiles) character file.

Game seed: 6465173691702114344

657 mhtbhm the Protected (level 7, -1/70 HPs)
             Began as a Minotaur Fighter on Mar 7, 2021.
             Was an Elder of Trog.
             Slain by a jumping spider (4 damage)
             ... in the Dungeon (Sprint VII: "The Pits").
             The game lasted 00:00:56 (355 turns).

mhtbhm the Protected (Minotaur Fighter)              Turns: 355, Time: 00:00:57

Health: -1/70      AC: 14    Str: 22    XL:     7   Next: 29%
Magic:  6/6        EV:  4    Int:  5    God:    Trog [****..]
Gold:   0          SH:  0    Dex: 10    Spells: 6/6 levels left

rFire    . . .     SeeInvis .   a - +0 hand axe (freeze)
rCold    . . .     Faith    .   c - +0 kite shield
rNeg     . . .     Spirit   .   b - +3 chain mail
rPois    .         Reflect  .   (helmet restricted)
rElec    .         Harm     .   (no cloak)
rCorr    .         Rampage  .   (no gloves)
Will     .....     NoTele   +   (no boots)
Stlth    ..........             (no amulet)
HPRegen  0.21/turn              (no ring)
MPRegen  0.10/turn              (no ring)

@: held
A: horns 2, retaliatory headbutt
a: Renounce Religion, Berserk, Trog's Hand, Brothers in Arms


You were in the Dungeon.
You worshipped Trog.
Trog was greatly pleased with you.
You visited 1 branch

Inventory:

Hand Weapons
 a - a +0 hand axe of freezing (weapon)
Missiles
 m - 2 poisoned darts (quivered)
Armour
 b - a +3 chain mail (worn)
 c - a +0 kite shield (worn)
Scrolls
 j - a scroll of blinking
 l - a scroll of summoning
Potions
 d - a potion of might
 e - 6 potions of curing
 f - 5 potions of heal wounds
 g - a potion of haste
 h - 4 potions of magic
 i - 3 potions of berserk rage
 k - 2 potions of invisibility


   Skills:
 + Level 9.5 Fighting
 + Level 9.7 Axes
 + Level 10.2 Armour
 + Level 4.0 Dodging
 + Level 9.9 Shields


You had 6 spell levels left.
You didn't know any spells.
Your spell library was empty.

Dungeon Overview and Level Annotations

Branches:
Dungeon (1/1)

Altars:
Cheibriados
Dithmenos
Elyvilon
Fedhas
Gozag
Hepliaklqana
Makhleb
Nemelex Xobeh
Okawaru
Qazlal
Ru
Sif Muna
Trog
Vehumet
Wu Jian
Xom
Yredelemnul
Zin
The Shining One
Beogh
Jiyva
Lugonu


Innate Abilities, Weirdness & Mutations

You have a pair of horns on your head.
You reflexively headbutt those who attack you in melee.


Message History

You completely miss the jumping spider.
The jumping spider is heavily wounded.
The jumping spider barely misses you.
The jumping spider bites you but does no damage.
You miss the jumping spider. You headbutt the jumping spider!
The jumping spider is almost dead.
The jumping spider closely misses you. You block the jumping spider's attack.
The jumping spider pounces on you.
You are caught in a web!
The jumping spider bites you. The jumping spider pounces on you!
You are caught in a web!
The jumping spider completely misses you.
The jumping spider leaps!
You are too injured to fight recklessly!
You are too injured to fight recklessly!
You are too injured to fight recklessly!
The jumping spider leaps!
The jumping spider pounces on you!
* * * LOW HITPOINT WARNING * * *
You are caught in a web!
The jumping spider bites you but does no damage.
The jumping spider barely misses you. You furiously retaliate!
You headbutt the jumping spider, but do no damage.
The jumping spider bites you but does no damage.
There is a web here.
You struggle to detach yourself from the web.
The jumping spider pounces on you!
* * * LOW HITPOINT WARNING * * *
The jumping spider bites you but does no damage.
Unknown command.
The web tears apart.
The jumping spider pounces on you.
* * * LOW HITPOINT WARNING * * *
You are caught in a web!
The jumping spider bites you.
* * * LOW HITPOINT WARNING * * *
The jumping spider pounces on you.
* * * LOW HITPOINT WARNING * * *
The jumping spider bites you but does no damage.
You feel much better. The jumping spider pounces on you!
* * * LOW HITPOINT WARNING * * *
The jumping spider bites you.
You die...

#.#........##.......#
#.#........##.......#
#'###########.......#
#.......# #########
#)†###..# #.......#
##.###.##+#
#.....s.#.+
#..###.@#'#
#.......).#
###########


You could see a jumping spider.

Vanquished Creatures
  Sigmund (D)
  A flying skull (D)
  Purgy (D)
  A necrophage (D)
  A kobold brigand (D)
  A wight (D)
  An adder (D)
  An ooze (D)
  A ball python (D)
  2 hobgoblins (D)
  3 jackals (D)
  2 quokkas (D)
  2 frilled lizards (D)
18 creatures vanquished.

Notes
Turn   | Place    | Note
-------+----------+-------------------------------------------
     0 | D        | mhtbhm the Minotaur Fighter began the quest for the Orb.
     0 | D        | Reached XP level 1. HP: 19/19 MP: 0/0
    16 | D        | Found a bloodstained altar of Trog.
    16 | D        | Found a shimmering blue altar of Sif Muna.
    16 | D        | Found a viscous altar of Jiyva.
    16 | D        | Found a hazy altar of Hepliaklqana.
    16 | D        | Found an opulent altar of Gozag.
    17 | D        | Found a glowing golden altar of the Shining One.
    17 | D        | Found a glowing silver altar of Zin.
    17 | D        | Found a basalt altar of Yredelemnul.
    17 | D        | Found a shimmering altar of Xom.
    17 | D        | Found an ornate altar of the Wu Jian Council.
    17 | D        | Found a sacrificial altar of Ru.
    17 | D        | Found a stormy altar of Qazlal.
    17 | D        | Found an iron altar of Okawaru.
    17 | D        | Found a sparkling altar of Nemelex Xobeh.
    17 | D        | Found a burning altar of Makhleb.
    17 | D        | Found a blossoming altar of Fedhas.
    17 | D        | Found a white marble altar of Elyvilon.
    17 | D        | Found a shadowy altar of Dithmenos.
    17 | D        | Found a snail-covered altar of Cheibriados.
    19 | D        | Found a radiant altar of Vehumet.
    19 | D        | Found a corrupted altar of Lugonu.
    21 | D        | Became a worshipper of Trog the Wrathful
    61 | D        | Reached skill level 4 in Armour
    69 | D        | Reached skill level 5 in Shields
    69 | D        | Reached XP level 2. HP: 18/28 MP: 1/1
   184 | D        | Reached * piety under Trog
   186 | D        | Reached ** piety under Trog
   187 | D        | Reached skill level 5 in Armour
   192 | D        | Noticed a necrophage
   196 | D        | Reached skill level 5 in Fighting
   203 | D        | Killed a necrophage
   203 | D        | Reached *** piety under Trog
   204 | D        | Reached skill level 6 in Armour
   204 | D        | Reached skill level 1 in Dodging
   204 | D        | Reached XP level 3. HP: 38/38 MP: 2/2
   204 | D        | Reached XP level 4. HP: 45/45 MP: 3/3
   269 | D        | Noticed Sigmund
   270 | D        | Noticed Purgy
   270 | D        | Noticed a flying skull
   270 | D        | Noticed a kobold brigand
   278 | D        | Killed Sigmund
   279 | D        | Reached skill level 8 in Armour
   279 | D        | Reached XP level 5. HP: 53/53 MP: 4/4
   279 | D        | Reached XP level 6. HP: 61/61 MP: 5/5
   279 | D        | Killed a flying skull
   280 | D        | Reached skill level 9 in Armour
   282 | D        | Killed Purgy
   282 | D        | Reached **** piety under Trog
   283 | D        | Reached XP level 7. HP: 70/70 MP: 6/6
   284 | D        | Reached skill level 10 in Armour
   341 | D        | Noticed a jumping spider
   354 | D        | HP: 3/70 [jumping spider (3)]
   354 | D        | HP: 1/70 [jumping spider (2)]
   355 | D        | Slain by a jumping spider

Illustrated notes

Levels and vault maps discovered:
D:        pitsprint [storerooms_1, entrance_room_1, metal_vault_3, armoury_3,
          mini_pit_1, grid_room_1, main_hall_1, silver_pit, the_coven_1,
          the_vestibule_1, steel_vault_3, golden_pit, hallway_of_sentries,
          crystal_vault_2, iron_vault_2, final_vault]

Skill      XL: |  1  2  3  4  5  6  7 |
---------------+----------------------+-----
Fighting       | 4 6 8 9 |  9.5
Armour         | 4 6 8 9 10 | 10.2
Shields        | 5 7 8 9 |  9.9
Axes           | 3 4 7 9 |  9.7
Dodging        | 1 2 3 4 |  4.0

Action                   |  1- 3 |  4- 6 |  7- 9 || total
-------------------------+-------+-------+-------++-------
Melee: Hand axe          |    26 |    10 |    12 ||    48
       Headbutt          |     3 |     4 |     2 ||     9
       War axe           |     2 |       |       ||     2
Invok: Berserk           |     1 |     1 |       ||     2
  Use: Potion            |       |       |     1 ||     1
Armor: Scale mail        |    19 |       |       ||    19
       Chain mail        |       |     9 |     9 ||    18
Dodge: Dodged            |     6 |     9 |     5 ||    20
Block: Kite shield       |    10 |    16 |     7 ||    33

Table legend: (Time is in decaauts)
 A = Elapsed time spent in this place.
 B = Non-inter-level travel time spent in this place.
 C = Inter-level travel time spent in this place.
 D = Time resting spent in this place.
 E = Time spent auto-exploring this place.
 F = Levels seen in this place.
 G = Mean time per level.
                   A        B        C        D        E       F      G
               +--------+--------+--------+--------+--------+-----+--------+
         Total |    381 |    381 |      0 |    152 |     31 |   1 |  381.0 |
       Dungeon |    381 |    381 |      0 |    152 |     31 |   1 |  381.0 |
               +--------+--------+--------+--------+--------+-----+--------+

Top non-repeatable levels by time:
       D: 381 daAuts
